 Dungeon Crawl Stone Soup version 0.29.1-15-g9cfb28693d (webtiles) character file.

Game seed: 10814075294155590963

249 protoss039 the Digger (level 5, -1/41 HPs)
             Began as a Demonspawn Earth Elementalist on Mar 12, 2023.
             Succumbed to a gnoll's poison
             ... on level 6 of the Dungeon.
             The game lasted 00:02:28 (1387 turns).

protoss039 the Digger (DsEE)                        Turns: 1387, Time: 00:02:28

Health: -1/41      AC:  3    Str:  8    XL:     5   Next: 86%
Magic:  6/10       EV: 12    Int: 18    God:
Gold:   89         SH:  0    Dex: 14    Spells: 8/11 levels left

rFire   x . .      SeeInvis .   i - +0 spear
rCold   + . .      Faith    .   (no shield)
rNeg    . . .      Spirit   .   h - +1 robe {Will+}
rPois   .          Reflect  .   (no helmet)
rElec   .          Harm     .   (no cloak)
rCorr   .          Rampage  .   (no gloves)
Will    +....                   (no boots)
Stlth   ++........              (no amulet)
HPRegen 0.13/turn               f - ring of ice
MPRegen 0.12/turn               (no ring)

@: lethally poisoned (-1 -> -16)
A: claws 1, ignite blood 1, spiny 1
a: no special abilities


You were on level 6 of the Dungeon.
You visited 1 branch of the dungeon, and saw 6 of its levels.

You collected 89 gold pieces.

Inventory:

Hand Weapons
 i - a +0 spear (weapon)
Armour
 h - a +1 robe of willpower (worn)
Jewellery
 f - a ring of ice (left claw)
 l - an amulet of regeneration
Scrolls
 c - 4 scrolls of fog {unknown}
 d - a scroll of noise {unknown}
 e - 2 scrolls of identify {unknown}
 j - a scroll of summoning {unknown}
 k - a scroll of brand weapon {unknown}
 n - a scroll of immolation {unknown}
Potions
 a - a potion of brilliance {unknown}
 b - a potion of magic
 g - a potion of haste {unknown}
 m - a potion of ambrosia {unknown}
 o - a potion of attraction {unknown}


   Skills:
 + Level 3.1 Fighting
 - Level 1.7 Dodging
 - Level 1.7 Stealth
 + Level 3.6 Spellcasting
 - Level 0.8 Transmutations
 + Level 4.1 Earth Magic


You had 8 spell levels left.
You knew the following spells:

 Your Spells              Type           Power      Damage    Failure   Level
a - Sandblast             Erth           36%        2d10      2%          1
b - Passwall              Tmut/Erth      10%        N/A       9%          2

Your spell library contained the following spells:

 Spells                   Type           Power      Damage    Failure   Level
 Beastly Appendage        Tmut           12%        N/A       11%         1
 Wereblood                Tmut           6%         N/A       16%         2
 Stone Arrow              Conj/Erth      20%        3d8       21%         3
 Spider Form              Tmut/Pois      4%         N/A       36%         3
 Petrify                  Tmut/Erth      12%        N/A       50%         4


Dungeon Overview and Level Annotations

Branches:
Dungeon (6/15) Zot: 26991
 Temple: D:4-7

Altars:

Shops:
D:1 :

Annotations:
D:2 Terence


Innate Abilities, Weirdness & Mutations

You have sharp fingernails.
Your demonic aura sometimes causes spilled blood to erupt in flames.
You are partially covered in sharp spines.


Message History

Press: ? - help, Shift-Dir - straight line, f - gnoll
Aim: a gnoll, wielding a +0 flail (lightly wounded, 84% to hit)
The blast of sand hits the gnoll.
The gnoll is heavily wounded.
The gnoll is struck by your spines. The gnoll hits you with a +0 club.
The gnoll is struck by your spines.
You kill the gnoll!
Casting: Sandblast (safe; 3% risk of failure)
Confirm with . or Enter, or press ? or * to list all spells.
Aiming: Sandblast (safe; 3% risk of failure)
Press: ? - help, Shift-Dir - straight line, f - gnoll
Aim: a gnoll, wielding a +0 club (heavily wounded, 84% to hit)
The blast of sand misses the gnoll.
The blast of sand misses the gnoll sergeant.
The gnoll is struck by your spines. The gnoll hits you with a +0 club.
The gnoll barely misses you.
The gnoll sergeant hits you from afar with a +0 spear!
The gnoll closely misses you. x2; The gnoll sergeant misses you.
Casting: Sandblast (safe; 3% risk of failure)
Confirm with . or Enter, or press ? or * to list all spells.
Aiming: Sandblast (safe; 3% risk of failure)
Press: ? - help, Shift-Dir - straight line, f/p - gnoll
Aim: a gnoll, wielding a +0 club (severely wounded, 84% to hit)
The blast of sand hits the gnoll.
The gnoll is almost dead.
The gnoll is struck by your spines.
You kill the gnoll!
The gnoll misses you. The gnoll sergeant closely misses you.
The gnoll hits you with a +1 whip of venom!
* * * LOW HITPOINT WARNING * * *
You are lethally poisoned!
Unknown command.
Casting: Sandblast (safe; 2% risk of failure)
Confirm with . or Enter, or press ? or * to list all spells.
Aiming: Sandblast (safe; 2% risk of failure)
Press: ? - help, Shift-Dir - straight line, f - gnoll
Aim: a gnoll, wielding a +0 whip (84% to hit)
The blast of sand hits the gnoll!
The gnoll is severely wounded.
You die...

### ##..######
.........########
.................
..............###
..........).....#
......$<.@)g....#
#........gg......
##...............
#..............#
#..#..........###
.. ##.........# .
###.(.##..# #####
..#


You could see a gnoll sergeant and 2 gnolls.

Vanquished Creatures
  Grinder (D:3)
  2 gnolls (D:6)
  An ufetubus (D:5)
  A worm (D:2)
  An orc (D:4)
  5 ball pythons
  2 bats
  2 endoplasms (D:1)
  A giant cockroach (D:1)
  2 goblins (D:1)
  3 hobgoblins (D:1)
  3 kobolds
  2 quokkas
  2 frilled lizards (D:1)
  A rat (D:1)
29 creatures vanquished.

Notes
Turn   | Place    | Note
-------+----------+-------------------------------------------
     0 | D:1      | protoss039 the Demonspawn Earth Elementalist began the
                  | quest for the Orb.
     0 | D:1      | Reached XP level 1. HP: 13/13 MP: 3/3
   169 | D:1      | Gained mutation: You have sharp fingernails. [demonic
                  | ancestry]
   169 | D:1      | Reached XP level 2. HP: 20/20 MP: 1/5
   239 | D:1      | Found Himudaov's Book Boutique.
   326 | D:1      | Reached skill level 1 in Fighting
   326 | D:1      | Reached skill level 3 in Earth Magic
   770 | D:1      | Learned a level 2 spell: Passwall
   965 | D:2      | Noticed Terence
   975 | D:3      | Gained mutation: Your demonic aura sometimes causes spilled
                  | blood to erupt in flames. [demonic ancestry]
   975 | D:3      | Reached XP level 3. HP: 26/26 MP: 3/6
  1039 | D:3      | Noticed Grinder
  1060 | D:3      | Paralysed by Grinder for 5 turns
  1086 | D:3      | Killed Grinder
  1087 | D:3      | Reached skill level 4 in Earth Magic
  1087 | D:3      | Reached XP level 4. HP: 20/35 MP: 0/9
  1087 | D:3      | Gained mutation: You are partially covered in sharp spines.
                  | [demonic ancestry]
  1087 | D:3      | Reached XP level 5. HP: 24/41 MP: 0/10
  1282 | D:5      | Entered Level 5 of the Dungeon
  1296 | D:5      | Identified the +7 quarterstaff of Eternal Harmony {protect,
                  | *Corrode rPois rC+ Dex+2}
  1387 | D:6      | Succumbed to a gnoll's poison

Illustrated notes

Levels and vault maps discovered:
D:1:      kennysheep_arrival_forest, layout_basic, serial_shops,
          nicolae_diamond_shop
D:2:      layout_loops_ring, serial_shops, shop, ebering_ecumenical_altar_webs,
          fountainhead, minivault_5, lightli_corner_chamber, uniq_terence
D:3:      minmay_inner_zag, layout_rooms, serial_shops, nicolae_shop_stone,
          nicolae_shop_advertising_works [nicolae_subvault_shop_adworks],
          shop_fountains, uniq_grinder
D:4:      layout_basic, minmay_misc_feat_five, uniq_duvessa
D:5:      layout_loops_ring, mainiacjoe_overflow_tiny_flanked,
          minmay_temple_entry_trees, ebering_ghost_rock_garden
D:6:      layout_cave_pods

Skill      XL: |  1  2  3 |
---------------+----------+-----
Fighting       | 1 3 |  3.1
Earth Magic    | 3 4 |  4.1
Spellcasting   | 3 |  3.6
Dodging        | |  1.7
Stealth        | |  1.7
Transmutations | |  0.8

Action                   |  1- 3 |  4- 6 || total
-------------------------+-------+-------++-------
Melee: Dagger            |     2 |       ||     2
       Spear             |     2 |     6 ||     8
 Cast: Sandblast         |    35 |     7 ||    42
 Stab: Sleeping          |       |     1 ||     1
Armor: Robe              |     2 |     1 ||     3
Dodge: Dodged            |     7 |    10 ||    17
